 Dungeon Crawl Stone Soup version 0.13-a0-2979-gb6a86b3 (webtiles) character file.

219 JacquesDerrida the Shooter (level 4, -1/36 HPs)
             Began as a Demigod Hunter on Sept 7, 2013.
             Slain by a centaur (7 damage)
             ... on Level 3 of the Dungeon.
             The game lasted 00:04:05 (2304 turns).

JacquesDerrida the Shooter (Demigod Hunter)         Turns: 2304, Time: 00:04:05

HP  -1/36        AC  3     Str 16      XL: 4   Next:  9%
MP   7/7         EV 12     Int 16      God:
Gold 131         SH  0     Dex 19      Spells:  0 memorised,  3 levels left

Res.Fire  : + . .   See Invis. : .   b - +1 bow
Res.Cold  : . . .   Warding    : .   d - +0 leather armour
Life Prot.: . . .   Conserve   : .   (no shield)
Res.Poison: .       Res.Corr.  : .   (no helmet)
Res.Elec. : .       Clarity    : .   (no cloak)
Sust.Abil.: . .     Spirit.Shd : .   (no gloves)
Res.Mut.  : .       Stasis     : .   (no boots)
Res.Rott. : .       Flight     : .   (no amulet)
Saprovore : . . .                    l - ring of protection from fire {unknown}
                                     k - +2 ring of dexterity

@: slightly resistant to hostile enchantments, unstealthy
A: no striking features
a: no special abilities


You were on level 3 of the Dungeon.
You were not hungry.

You visited 1 branch of the dungeon, and saw 3 of its levels.

You collected 111 gold pieces.

Inventory:

Hand weapons
 a - a +1,+2 dagger of venom
 b - a +1,+1 bow (weapon)
Missiles
 c - 15 arrows (quivered)
Armour
 d - a +0 leather armour (worn)
Comestibles
 f - 4 bread rations
 s - 2 rotting chunks of goblin flesh
Scrolls
 e - a scroll of enchant weapon I {unknown}
 g - 3 scrolls of remove curse {unknown}
 j - a scroll of teleportation {unknown}
 o - a scroll of enchant weapon II {unknown}
 p - 2 scrolls of identify {unknown}
Jewellery
 k - a +2 ring of dexterity (left hand)
 l - a ring of protection from fire (right hand) {unknown}
Potions
 h - a potion of flight {unknown}
 i - a potion of speed {unknown}
 m - a potion of curing {unknown}
 n - 2 potions of agility {unknown}
 q - a potion of poison {unknown}


   Skills:
 - Level 0.8 Fighting
 + Level 5.3 Bows
 - Level 1.7 Dodging
 - Level 0.8 Stealth


You had 3 spell levels left.
You didn't know any spells.

Dungeon Overview and Level Annotations

Branches:
Dungeon (3/27)


Message History

You shoot an arrow. The arrow hits the centaur.
The centaur is heavily wounded.
The centaur hits you!
Firing (i - inventory. (,) - cycle):
c - 17 arrows (quivered)
Press: ? - help, Shift-Dir - straight line, f/p - centaur
Aim: a centaur (heavily wounded, poisoned)
You shoot an arrow. The arrow hits the centaur.
The centaur is severely wounded.
The centaur looks more healthy.
The centaur hits you!
* * * LOW HITPOINT WARNING * * *
The centaur hits you.
* * * LOW HITPOINT WARNING * * *
You are too injured to fight recklessly!
Firing (i - inventory. (,) - cycle):
c - 16 arrows (quivered)
Press: ? - help, Shift-Dir - straight line, f/p - centaur
Aim: a centaur (severely wounded)
You shoot an arrow. The arrow hits the centaur.
The centaur is almost dead.
The centaur hits you!
You die...

...............#
...........<...#
##############.#
#.# #.# #.# #.#
#########(#
........@.#
.......c..#
########.# #.#
#.# #.# #.# #>#
.


You could see a centaur.

Vanquished Creatures
  3 adders
  A gnoll (D:1)
  A worm (D:2)
  7 bats
  2 giant cockroaches
  4 goblins
  4 hobgoblins
  5 kobolds
  A quokka (D:2)
  A giant gecko (D:2)
  3 giant newts (D:2)
  7 jackals (D:1)
  6 rats
45 creatures vanquished.

Notes
Turn   | Place    | Note
--------------------------------------------------------------
     0 | D:1      | JacquesDerrida, the Demigod Hunter, began the quest for the Orb.
     0 | D:1      | Reached XP level 1. HP: 17/17 MP: 2/2
    21 | D:1      | Reached skill level 4 in Bows
    34 | D:1      | Reached XP level 2. HP: 16/24 MP: 3/3
   667 | D:1      | Reached XP level 3. HP: 19/29 MP: 5/5
  1369 | D:2      | Reached skill level 5 in Bows
  1569 | D:2      | Found a burning altar of Makhleb.
  1569 | D:2      | Found a glowing silver altar of Zin.
  1570 | D:2      | Noticed a blizzard demon
  1570 | D:2      | Noticed an angel
  1889 | D:2      | Reached XP level 4. HP: 9/36 MP: 7/7
  2050 | D:2      | Found an ancient bone altar of Kikubaaqudgha.
  2098 | D:2      | Found a deep blue altar of Sif Muna.
  2293 | D:3      | Noticed a centaur
  2304 | D:3      | Slain by a centaur

Action                   |  1- 3 |  4- 6 || total
-------------------------+-------+-------++-------
Melee: Short sword       |    71 |       ||    71
       Dagger            |    51 |    15 ||    66
 Fire: Bow               |    14 |     3 ||    17
 Stab: Sleeping          |     1 |       ||     1
